 Dungeon Crawl Stone Soup version 0.21-a0-518-g43a1781 (webtiles) character file.

79 mortelune the Skirmisher (level 4, 0/37 HPs)
             Began as a Formicid Abyssal Knight on Dec 4, 2017.
             Was a Follower of Lugonu.
             Slain by a quokka (1 damage)
             ... on level 2 of the Dungeon.
             The game lasted 00:05:36 (2073 turns).

mortelune the Skirmisher (Formicid Abyssal Knight)  Turns: 2073, Time: 00:05:37

Health: 0/37       AC:  5    Str: 17    XL:     4   Next: 62%
Magic:  6/6        EV: 10    Int: 12    God:    Lugonu [*.....]
Gold:   90         SH:  0    Dex: 10    Spells: 3/3 levels left

rFire    . . .     SeeInvis +   a - +1 hand axe
rCold    . . .     Gourm    .   (no shield)
rNeg     . . .     Faith    .   m - +0 ring mail
rPois    .         Spirit   .   (helmet unavailable)
rElec    .         Reflect  .   (no cloak)
rCorr    .         Harm     .   (no gloves)
MR       .....                  (no boots)
Stlth    ..........             h - amulet of rage
HPRegen  0.12/turn              (no ring)
MPRegen  0.10/turn              (no ring)

@: invisible
A: permanent stasis, dig shafts and tunnels, four strong arms, antennae 3
a: Dig, Shaft Self, Depart the Abyss, Renounce Religion


You were on level 2 of the Dungeon.
You worshipped Lugonu.
Lugonu was aware of your devotion.
You were not hungry.

You visited 1 branch of the dungeon, and saw 2 of its levels.
You visited the Abyss 1 time.

You collected 90 gold pieces.

Inventory:

Hand Weapons
 a - a +1 hand axe (weapon)
 b - a +0 hunting sling
Missiles
 d - 138 stones (quivered)
Armour
 e - a +0 leather armour
 m - a +0 ring mail (worn)
 p - a +0 leather armour
Jewellery
 h - an amulet of rage (around neck)
Wands
 f - a wand of scattershot (4)
Scrolls
 j - 2 scrolls of identify
 n - a scroll of enchant armour {unknown}
Potions
 l - a potion of haste {unknown}
 o - a potion of flight {unknown}
Comestibles
 c - a bread ration
 g - a chunk of flesh
 k - a meat ration


   Skills:
 + Level 3.9 Fighting
 + Level 2.7 Axes
 + Level 3.1 Armour
 - Level 0.8 Dodging
 + Level 3.2 Invocations


You had 3 spell levels left.
You didn't know any spells.

Dungeon Overview and Level Annotations

Branches:
Dungeon (2/15)

Altars:
Cheibriados


Innate Abilities, Weirdness & Mutations

You cannot be hasted, slowed, berserked, paralysed or teleported.
You can dig through walls and to a lower floor.
Your four strong arms can wield two-handed weapons with a shield.
You have a pair of large antennae on your head. (SInv)


Message History

You barely miss the quokka. The quokka bites you.
* * * LOW HITPOINT WARNING * * *
You slash the worm!
The worm is severely wounded.
You hit the quokka. The quokka bites you.
* * * LOW HITPOINT WARNING * * *
The worm closely misses you. The quokka bites you.
* * * LOW HITPOINT WARNING * * *
You hit the worm.
You kill the worm!
Lugonu accepts your kill.
You closely miss the quokka. The quokka bites you.
* * * LOW HITPOINT WARNING * * *
The quokka barely misses you.
You see here a worm corpse.
The quokka bites you.
* * * LOW HITPOINT WARNING * * *
You fade into invisibility!
The quokka bites you.
You die...

......* *,,,,**,,,,,,,,,,,,*
......* *....##.....,,,,,,,*
......* *,.........,,,,,,,,*
####..* *,,.......#*,,,,,,,*
****#.******#......#*,,,,,,,*
,*,*,,,*,*,##[.....#***,,,******
*,*,,*,,*,*#.......+,,,,,.+,,,>*
,*,,***,,*,#.......#**,,..###*,*
*,,**,**,,*#....@r.# *,,.....,,*
,,**{,,**,,#.......###+#.....,,*
,**,{,,,**,#.###.............,**
{,**{,,**,,#,* #...†........,,*
*,,**,**,,**,* ####.....###+****
,*,,*,*,,*,*,* #.....#,,,,,,*
*,*{{,,,*,**,* ####'##,,,,,,*
,*,*,,{*,*,*,#########.#*,,,,,,**
############.#.........#,,,,,,,,*


You could see a quokka.

Vanquished Creatures
  3 adders (D:2)
  2 oozes
  A worm (D:2)
  A dart slug (D:2)
  2 leopard geckos (D:1)
  A ball python (D:2)
  4 giant cockroaches
  5 goblins
  7 hobgoblins (D:1)
  4 bats
  2 frilled lizards
  4 rats
36 creatures vanquished.

Notes
Turn   | Place    | Note
-------+----------+-------------------------------------------
     0 | Abyss:1  | mortelune the Formicid Abyssal Knight began the quest for the Orb.
     0 | Abyss:1  | Reached XP level 1. HP: 18/18 MP: 2/2
     1 | D:1      | Escaped the Abyss
   337 | D:1      | Reached XP level 2. HP: 21/24 MP: 3/3
   346 | D:1      | Reached * piety under Lugonu
   807 | D:1      | Reached XP level 3. HP: 21/29 MP: 3/5
  1590 | D:2      | Found a snail-covered altar of Cheibriados.
  1597 | D:2      | Reached XP level 4. HP: 35/37 MP: 6/6
  2072 | D:2      | HP: 1/37 [quokka (2)]
  2073 | D:2      | Slain by a quokka

Vault maps used:
D:1:      minmay_arrival_shattered_statue
D:2:      minmay_diamond_boxcup, kennysheep_slug_shrine

Skill      XL: |  1  2  3  4 |
---------------+-------------+-----
Invocations    | 3 |  3.2
Armour         | 3 |  3.1
Fighting       | |  3.9
Axes           | |  2.7
Dodging        | |  0.8

Action                   |  1- 3 |  4- 6 || total
-------------------------+-------+-------++-------
Melee: Hand axe          |    89 |    35 ||   124
Invok: Depart the Abyss  |     1 |       ||     1
  Use: Scroll            |     5 |       ||     5
       Potion            |       |     1 ||     1
  Eat: Chunk             |     2 |     2 ||     4
Armor: Leather armour    |    14 |       ||    14
       Ring mail         |    14 |     8 ||    22
Dodge: Dodged            |    47 |    18 ||    65

Table legend:
 A = Spawn XP
 B = Non-spawn XP
 C = Spawn XP percentage of total XP
 D = Spawn monster count
 E = Non-spawn monster count
 F = Spawn count percentage of total count
 G = Total turns spent on level
                    A         B        C        D         E        F      G
               +---------+---------+-------+---------+---------+-------+---------
         Total |       0 |     113 |   0.0 |       0 |      36 |   0.0 |  2073
               +---------+---------+-------+---------+---------+-------+---------
           D:1 |       0 |      43 |   0.0 |       0 |      21 |   0.0 |  1461
           D:2 |       0 |      70 |   0.0 |       0 |      15 |   0.0 |   611
               +---------+---------+-------+---------+---------+-------+---------
